 Dungeon Crawl Stone Soup version 0.21.0-24-g2553a33 (webtiles) character file.

1393 tidbits the Grave Robber (level 8, 9/58 HPs)
             Began as a Gnoll Necromancer on Jan 20, 2018.
             Quit the game on level 9 of the Dungeon.
             The game lasted 00:15:12 (1422 turns).

tidbits the Grave Robber (Gnoll Necromancer)        Turns: 1422, Time: 00:15:12

Health: 9/58       AC:  6    Str: 10    XL:     8   Next: 68%
Magic:  17/17      EV: 13    Int: 20    God:
Gold:   223        SH:  0    Dex: 16    Spells: 7/19 levels left

rFire    . . .     SeeInvis .   u - +2 hand axe (venom)
rCold    . . .     Gourm    .   (no shield)
rNeg     . . .     Faith    .   B - +0 ring mail (curse)
rPois    .         Spirit   .   (no helmet)
rElec    .         Reflect  .   (no cloak)
rCorr    .         Harm     .   (no gloves)
MR       .....                  F - +0 pair of boots
Stlth    ++........             (no amulet)
HPRegen  0.19/turn              (no ring)
MPRegen  0.15/turn              (no ring)

@: lethally poisoned (9 -> -16), very slightly contaminated, invisible
A: distributed training, fangs 1, strong nose
a: no special abilities


You were on level 9 of the Dungeon.
You were not hungry.

You visited 2 branches of the dungeon, and saw 10 of its levels.

You collected 223 gold pieces.

Inventory:

Hand Weapons
 a - a +4 scimitar
 d - a +0 scythe
 h - a +0 short sword
 k - a +0 war axe
 n - a cursed -3 hunting sling
 o - a +0 dagger of flaming
   (You found it on level 1 of the Dungeon)
 u - a +2 hand axe of venom (weapon)
   (You found it on level 1 of the Dungeon)
 y - a +0 hand axe of chopping
   (You found it on level 7 of the Dungeon)
Missiles
 l - 14 arrows
 v - 2 javelins (quivered)
Armour
 m - a +0 robe
 w - a +0 pair of boots
 B - a cursed +0 ring mail (worn)
 F - a +0 pair of boots (worn)
Wands
 s - a wand of enslavement (10)
Scrolls
 e - 6 scrolls of remove curse
 f - a scroll of amnesia
 g - a scroll of fear
 i - 2 scrolls of identify
 j - 2 scrolls of teleportation
 p - 2 scrolls of immolation {unknown}
 q - a scroll of random uselessness
 t - 2 scrolls of enchant armour
 A - a scroll of enchant weapon {unknown}
 C - a scroll of summoning {unknown}
 E - a scroll of fog {unknown}
Potions
 r - a potion of agility
Books
 b - a book of Necromancy

   Spells                             Type                      Level
   a - Pain                           Necromancy                   1
   b - Animate Skeleton               Necromancy                   1
   c - Vampiric Draining              Necromancy                   3
   d - Regeneration                   Charms/Necromancy            3
   e - Animate Dead                   Necromancy                   4
   f - Borgnjor's Vile Clutch         Necromancy/Earth             5
 x - a book of the Dragon
   (You found it on level 7 of the Dungeon)

   Spells                             Type                      Level
   a - Flame Tongue                   Conjuration/Fire             1
   b - Cause Fear                     Hexes                        4
   c - Bolt of Fire                   Conjuration/Fire             6
   d - Dragon Form                    Transmutation                7
   e - Dragon's Call                  Summoning                    9
Comestibles
 c - 8 rations


   Skills:
 + Level 3.4 Fighting
 + Level 3.4 Short Blades
 + Level 3.4 Long Blades
 + Level 3.4 Axes
 + Level 3.4 Maces & Flails
 + Level 3.4 Polearms
 + Level 3.4 Staves
 + Level 3.4 Slings
 + Level 3.4 Bows
 + Level 3.4 Crossbows
 + Level 3.4 Throwing
 + Level 3.4 Armour
 + Level 5.8 Dodging
 + Level 5.4 Stealth
 + Level 3.4 Shields
 + Level 3.4 Unarmed Combat
 + Level 6.1 Spellcasting
 + Level 2.8 Conjurations
 + Level 2.8 Hexes
 + Level 2.8 Charms
 + Level 2.8 Summonings
 + Level 7.7 Necromancy
 + Level 2.8 Translocations
 + Level 2.8 Transmutations
 + Level 2.8 Fire Magic
 + Level 2.8 Ice Magic
 + Level 2.8 Air Magic
 + Level 2.8 Earth Magic
 + Level 2.8 Poison Magic
 + Level 3.7 Invocations
 + Level 3.4 Evocations


You had 7 spell levels left.
You knew the following spells:

 Your Spells              Type           Power        Failure   Level  Hunger
a - Pain                  Necr           ####         1%          1    None
d - Vampiric Draining     Necr           #####.....   3%          3    ##.....
r - Regeneration          Chrm/Necr      ####......   9%          3    ##.....
v - Borgnjor's Vile Clut  Necr/Erth      ####......   63%         5    #####..


Dungeon Overview and Level Annotations

Branches:
Dungeon (9/15)             Temple (1/1) D:4
   Lair: D:8-11         Orc: D:9-12

Altars:
Ashenzari
Elyvilon
Fedhas
Gozag
Kikubaaqudgha
Nemelex Xobeh
Qazlal
Trog
Vehumet
Wu Jian
Xom
Zin
The Shining One

Annotations:
D:8 Gastronok


Innate Abilities, Weirdness & Mutations

Your experience applies equally to all skills.
You have very sharp teeth.
Your uncanny sense of smell can sniff out nearby items.


Message History

Unknown command.
You barely miss the killer bee.
The killer bee is moderately wounded.
The killer bee dies!
Your killer bee looks stronger.
Your killer bee completely misses the killer bee.
The killer bee barely misses you.
Your killer bee stings the killer bee.
The killer bee stings you but does no damage.
You miss the killer bee. Your bite misses the killer bee.
The killer bee is heavily wounded.
You feel sick.
Your killer bee closely misses the killer bee.
The killer bee stings you.
Your killer bee stings the killer bee.
The killer bee misses you.
Your killer bee barely misses the killer bee.
The killer bee closely misses you.
You barely miss the killer bee. Your bite misses the killer bee.
The killer bee is severely wounded.
Your killer bee stings the killer bee.
The killer bee stings you.
Your killer bee closely misses the killer bee.
The killer bee misses you.
You hit the killer bee but do no damage.
The killer bee is almost dead.
Your killer bee closely misses the killer bee.
The killer bee stings you.
* * * LOW HITPOINT WARNING * * *
Your killer bee stings the killer bee.
The killer bee dies!
Your Spellcasting skill increases to level 6!
The worker ant waves its antennae.
You feel sick.
You are no longer poisoned.
The worker ant closely misses you. x2; You riposte.
Your ring mail prevents you from hitting the worker ant.
You see here a killer bee corpse.
Your killer bee stings the worker ant.
The worker ant barely misses you.
You riposte.
You slash the worker ant!
The worker ant is almost dead.
You closely miss the worker ant.
The worker ant is almost dead.
Your killer bee stings the worker ant but does no damage.
Your killer bee closely misses the worker ant.
The worker ant misses your killer bee.
Your killer bee barely misses the worker ant.
You hit the worker ant but do no damage.
The worker ant is almost dead.
Your killer bee stings the worker ant!
The worker ant dies!
Wield which item (- for none, * to show all)? (? for menu, Esc to quit)
Your +2 hand axe of venom begins to drip with poison!
u - a +2 hand axe of venom (weapon)
Really attack your killer bee?
You closely miss your killer bee.
The killer bee is no longer charmed.
The killer bee misses you. The killer bee stings you.
* * * LOW HITPOINT WARNING * * *
The killer bee stings you but does no damage.
You hit the killer bee. Your bite misses the killer bee.
The killer bee is lightly wounded.
The killer bee misses you. The killer bee barely misses you.
You hit the killer bee.
The killer bee is poisoned.
The killer bee is moderately wounded.
The killer bee misses you. The killer bee closely misses you.
The killer bee stings you.
* * * LOW HITPOINT WARNING * * *
You are poisoned.
The killer bee poisons you!
It was a potion of heal wounds.
You feel much better.
You feel sick. The killer bee misses you. The killer bee stings you.
You feel sick. The killer bee stings you!
You are more poisoned.
The killer bee poisons you!
You feel very sick. The killer bee stings you!
* * * LOW HITPOINT WARNING * * *
You are lethally poisoned!
The killer bee poisons you!
You barely miss the killer bee. You punch the killer bee.
The killer bee is severely wounded.
* * * LOW HITPOINT WARNING * * *
You feel very sick.
The killer bee misses you. x2; The killer bee barely misses you.
* * * LOW HITPOINT WARNING * * *
You feel very sick. The killer bee stings you.
* * * LOW HITPOINT WARNING * * *
You miss the killer bee.
The killer bee is almost dead.
* * * LOW HITPOINT WARNING * * *
You feel very sick.
The killer bee stings you but does no damage. x2
You slash the killer bee!
You kill the killer bee!
* * * LOW HITPOINT WARNING * * *
You feel very sick.
It was a potion of invisibility.
You fade into invisibility!
* * * LOW HITPOINT WARNING * * *
You feel sick.
You are very lightly contaminated with residual magic.
Are you sure you want to abandon this character and quit the game? (Confirm with "yes".)

###.#### ####..###
#.[.....# #####+###
#.......#
#.......#####.......#
#.......'...'.......#
#....(..#####.......#
#.......# #.......#
#.....@.# #.......#
+.......# #.......#
#.......# #.......#
#......############.#
#......#PPPPPPPP ##
######†#........
#.#........


#.#.PPPPPPP #†'..%..... There were no monsters in sight!

Vanquished Creatures
  A killer bee (D:9)
  Sigmund (D:2)
  An ogre (D:5)
  A centaur (D:7)
  4 scorpions
  A wight (D:6)
  2 hounds
  A jelly (D:6)
  A gnoll shaman (D:4)
  2 iguanas
  An orc wizard (D:5)
  2 worker ants (D:7)
  A hound skeleton (D:6)
  5 gnolls (D:4)
  3 adders
  A worm (D:2)
  6 orcs
  3 ball pythons
  A giant cockroach (D:2)
  3 goblins (D:1)
  5 hobgoblins
  7 jackals
  5 bats
  4 frilled lizards
  6 kobolds
  6 rats
74 creatures vanquished.

Vanquished Creatures (collateral kills)
  5 killer bees (D:9)
  An iguana (D:6)
  An orc wizard (D:6)
  A worker ant (D:9)
  A shadow imp (D:6)
  An orc (D:6)
10 creatures vanquished.

Vanquished Creatures (others)
  A queen bee (D:9)
  3 wights (D:6)
  3 killer bees (D:9)
7 creatures vanquished.

Grand Total: 91 creatures vanquished

Notes
Turn   | Place    | Note
-------+----------+-------------------------------------------
     0 | D:1      | tidbits the Gnoll Necromancer began the quest for the Orb.
     0 | D:1      | Reached XP level 1. HP: 13/13 MP: 6/6
    70 | D:1      | Reached XP level 2. HP: 11/19 MP: 2/7
   175 | D:2      | Noticed Sigmund
   221 | D:2      | Killed Sigmund
   221 | D:2      | Reached skill level 1 in Fighting
   221 | D:2      | Reached skill level 1 in Short Blades
   221 | D:2      | Reached skill level 1 in Long Blades
   221 | D:2      | Reached skill level 1 in Axes
   221 | D:2      | Reached skill level 1 in Maces & Flails
   221 | D:2      | Reached skill level 1 in Polearms
   221 | D:2      | Reached skill level 1 in Staves
   221 | D:2      | Reached skill level 1 in Slings
   221 | D:2      | Reached skill level 1 in Bows
   221 | D:2      | Reached skill level 1 in Crossbows
   221 | D:2      | Reached skill level 1 in Throwing
   221 | D:2      | Reached skill level 1 in Armour
   221 | D:2      | Reached skill level 1 in Shields
   221 | D:2      | Reached skill level 1 in Unarmed Combat
   221 | D:2      | Reached skill level 5 in Spellcasting
   221 | D:2      | Reached skill level 1 in Conjurations
   221 | D:2      | Reached skill level 1 in Hexes
   221 | D:2      | Reached skill level 1 in Charms
   221 | D:2      | Reached skill level 1 in Summonings
   221 | D:2      | Reached skill level 1 in Translocations
   221 | D:2      | Reached skill level 1 in Transmutations
   221 | D:2      | Reached skill level 1 in Fire Magic
   221 | D:2      | Reached skill level 1 in Ice Magic
   221 | D:2      | Reached skill level 1 in Air Magic
   221 | D:2      | Reached skill level 1 in Earth Magic
   221 | D:2      | Reached skill level 1 in Poison Magic
   221 | D:2      | Reached skill level 1 in Invocations
   221 | D:2      | Reached skill level 1 in Evocations
   221 | D:2      | Reached XP level 3. HP: 7/26 MP: 0/9
   221 | D:2      | Reached XP level 4. HP: 9/32 MP: 0/11
   221 | D:2      | Reached XP level 5. HP: 11/37 MP: 0/12
   254 | D:2      | Found a bloodstained altar of Trog.
   260 | D:2      | Found a glowing silver altar of Zin.
   297 | D:2      | Learned a level 3 spell: Regeneration
   302 | D:2      | Learned a level 3 spell: Vampiric Draining
   308 | D:2      | Learned a level 5 spell: Borgnjor's Vile Clutch
   525 | D:2      | Found an ornate altar of the Wu Jian Council.
   525 | D:2      | Found a blossoming altar of Fedhas.
   705 | D:4      | Found a staircase to the Ecumenical Temple.
   717 | D:4      | Reached XP level 6. HP: 35/44 MP: 13/13
   728 | D:4      | Reached skill level 2 in Invocations
   740 | D:4      | Reached skill level 2 in Fighting
   740 | D:4      | Reached skill level 2 in Short Blades
   740 | D:4      | Reached skill level 2 in Long Blades
   740 | D:4      | Reached skill level 2 in Axes
   740 | D:4      | Reached skill level 2 in Maces & Flails
   740 | D:4      | Reached skill level 2 in Polearms
   740 | D:4      | Reached skill level 2 in Staves
   740 | D:4      | Reached skill level 2 in Slings
   740 | D:4      | Reached skill level 2 in Bows
   740 | D:4      | Reached skill level 2 in Crossbows
   740 | D:4      | Reached skill level 2 in Throwing
   740 | D:4      | Reached skill level 2 in Armour
   740 | D:4      | Reached skill level 5 in Dodging
   740 | D:4      | Reached skill level 2 in Shields
   740 | D:4      | Reached skill level 2 in Unarmed Combat
   740 | D:4      | Reached skill level 2 in Evocations
   755 | Temple   | Entered the Ecumenical Temple
   845 | D:5      | Entered Level 5 of the Dungeon
   893 | D:5      | Reached XP level 7. HP: 31/50 MP: 10/15
  1033 | D:6      | Reached skill level 2 in Conjurations
  1033 | D:6      | Reached skill level 2 in Hexes
  1033 | D:6      | Reached skill level 2 in Charms
  1033 | D:6      | Reached skill level 2 in Summonings
  1033 | D:6      | Reached skill level 2 in Translocations
  1033 | D:6      | Reached skill level 2 in Transmutations
  1033 | D:6      | Reached skill level 2 in Fire Magic
  1033 | D:6      | Reached skill level 2 in Ice Magic
  1033 | D:6      | Reached skill level 2 in Air Magic
  1033 | D:6      | Reached skill level 2 in Earth Magic
  1033 | D:6      | Reached skill level 2 in Poison Magic
  1135 | D:7      | Reached skill level 5 in Stealth
  1137 | D:7      | Reached skill level 3 in Invocations
  1176 | D:6      | Reached XP level 8. HP: 26/56 MP: 11/16
  1288 | D:8      | Noticed Gastronok
  1368 | D:9      | Noticed a queen bee
  1380 | D:9      | Reached skill level 3 in Fighting
  1380 | D:9      | Reached skill level 3 in Short Blades
  1380 | D:9      | Reached skill level 3 in Long Blades
  1380 | D:9      | Reached skill level 3 in Axes
  1380 | D:9      | Reached skill level 3 in Maces & Flails
  1380 | D:9      | Reached skill level 3 in Polearms
  1380 | D:9      | Reached skill level 3 in Staves
  1380 | D:9      | Reached skill level 3 in Slings
  1380 | D:9      | Reached skill level 3 in Bows
  1380 | D:9      | Reached skill level 3 in Crossbows
  1380 | D:9      | Reached skill level 3 in Throwing
  1380 | D:9      | Reached skill level 3 in Armour
  1380 | D:9      | Reached skill level 3 in Shields
  1380 | D:9      | Reached skill level 3 in Unarmed Combat
  1380 | D:9      | Reached skill level 3 in Evocations
  1404 | D:9      | Reached skill level 6 in Spellcasting
  1420 | D:9      | Killed a killer bee
  1422 | D:9      | Quit the game

Skill      XL: |  1  2  3  4  5  6  7  8 |
---------------+-------------------------+-----
Fighting       | 1 2 3 |  3.4
Short Blades   | 1 2 3 |  3.4
Long Blades    | 1 2 3 |  3.4
Axes           | 1 2 3 |  3.4
Maces & Flails | 1 2 3 |  3.4
Polearms       | 1 2 3 |  3.4
Staves         | 1 2 3 |  3.4
Slings         | 1 2 3 |  3.4
Bows           | 1 2 3 |  3.4
Crossbows      | 1 2 3 |  3.4
Throwing       | 1 2 3 |  3.4
Armour         | 1 2 3 |  3.4
Shields        | 1 2 3 |  3.4
Unarmed Combat | 1 2 3 |  3.4
Spellcasting   | 5 6 |  6.1
Conjurations   | 1 2 |  2.8
Hexes          | 1 2 |  2.8
Charms         | 1 2 |  2.8
Summonings     | 1 2 |  2.8
Translocations | 1 2 |  2.8
Transmutations | 1 2 |  2.8
Fire Magic     | 1 2 |  2.8
Ice Magic      | 1 2 |  2.8
Air Magic      | 1 2 |  2.8
Earth Magic    | 1 2 |  2.8
Poison Magic   | 1 2 |  2.8
Invocations    | 1 2 3 |  3.7
Evocations     | 1 2 3 |  3.4
Dodging        | 5 |  5.8
Stealth        | 5 |  5.4
Necromancy     | |  7.7

Action                   |  1- 3 |  4- 6 |  7- 9 || total
-------------------------+-------+-------+-------++-------
Melee: Unarmed           |     6 |     6 |       ||    12
       War axe           |       |    20 |       ||    20
       Hand axe          |       |    33 |    18 ||    51
       Bite              |       |     5 |     9 ||    14
       Scimitar          |       |       |    52 ||    52
       Punch             |       |       |     1 ||     1
 Cast: Pain              |    25 |    12 |       ||    37
       Regeneration      |       |     3 |     5 ||     8
Evoke: Wand              |       |     5 |    19 ||    24
  Use: Potion            |     3 |       |     3 ||     6
       Scroll            |     1 |     6 |     3 ||    10
 Stab: Sleeping          |       |     1 |     1 ||     2
  Eat: Ration            |     1 |     1 |       ||     2
Armor: Robe              |     4 |    12 |     5 ||    21
       Ring mail         |       |       |     9 ||     9
Dodge: Dodged            |    18 |    64 |    82 ||   164
       Rpst.: Scimitar   |       |       |    16 ||    16

Table legend:
 A = Turns spent in this place as a percentage of turns spent in the entire game.
 B = Non-inter-level travel turns spent in this place as a percentage of non-inter-level travel turns spent in the entire game.
 C = Inter-level travel turns spent in this place as a percentage of turns spent in this place.
 D = Turns resting spent in this place as a percentage of non-inter-level travel turns spent in this place.
 E = Turns spent auto-exploring this place as a percentage of non-inter-level travel turns spent in this place.
 F = Non-inter-level travel turns spent in this place divided by the number of levels of this place that you've seen.
                   A       B       C       D       E      F
               +-------+-------+-------+-------+-------+----------------------
         Total | 100.0 | 100.0 |   0.4 |   0.0 |   0.0 | 141.7
       Dungeon |  95.8 |  96.1 |   0.0 |   0.0 |   0.0 | 151.3
        Temple |   4.2 |   3.9 |   8.3 |   0.0 |   0.0 |  55.0
               +-------+-------+-------+-------+-------+----------------------

Table legend:
 A = Kills in this place as a percentage of kills in entire the game.
 B = Kills by you in this place as a percentage of kills by you in the entire game.
 C = Kills by friends in this place as a percentage of kills by friends in the entire game.
 D = Other kills in this place as a percentage of other kills in the entire game.
 E = Experience gained in this place as a percentage of experience gained in the entire game.
 F = Experience gained in this place divided by the number of levels of this place that you have seen.
                   A       B       C       D       E      F
               +-------+-------+-------+-------+-------+----------------------
         Total | 100.0 | 100.0 | 100.0 | 100.0 | 100.0 | 199.1
       Dungeon | 100.0 | 100.0 | 100.0 | 100.0 | 100.0 | 221.2
               +-------+-------+-------+-------+-------+----------------------

Vault maps used:
D:1:      dpeg_arrival_rhombus
D:2:      amethyst_overflow_temple_binary, nicolae_ru_the_path_less_chosen,
          nicolae_overflow_hidden_temple, uniq_sigmund
D:3:      marbit_many_paths, first_ration
D:4:      minmay_temple_entry_statues_fountains, hex_large, uniq_robin
D:5:      lemuel_doored_altar, nicolae_overflow_crystal_walls
D:6:      kennysheep_little_box, item_on_display_a
D:7:      bloody_trog
D:8:      minmay_blocky_corners, overflow_temple_1_default, slow_altar_2,
          the_bakery, uniq_gastronok
D:9:      lemuel_round_altar, overflow_temple_1_default, serial_bayou,
          serial_bayou_pond_d, serial_bayou_pond_d, serial_bayou_pond_e,
          serial_bayou_shore_b, serial_shops, shop,
          nicolae_looking_at_the_future
Temple:   nicolae_temple_figure_zero
